Workbook

Sheet Vendas
A1: Planilha de Vendas — PlanilhaCentral.com
A3: Total vendido | B3: =SUM(G6:G105) | C3: Nº de vendas | D3: =COUNT(G6:G105) | E3: Ticket médio | F3: =IF(D3=0,0,B3/D3)
A5: Data | B5: Cliente | C5: Produto | D5: Vendedor | E5: Quantidade | F5: Preço unitário | G5: Valor total | H5: Forma de pagamento | I5: Status
A6: 46296 | B6: Mercado Bom Preço | C6: Bolo de chocolate | D6: Ana | E6: 6 | F6: 75 | G6: =IF(E6="","",E6*F6) | H6: Pix | I6: Pago
A7: 46297 | B7: Café Central | C7: Torta de frango | D7: Bruno | E7: 2 | F7: 150 | G7: =IF(E7="","",E7*F7) | H7: Cartão | I7: Pago
A8: 46298 | B8: Padaria Sol | C8: Bolo de chocolate | D8: Ana | E8: 4 | F8: 75 | G8: =IF(E8="","",E8*F8) | H8: Boleto | I8: A receber
A9: 46301 | B9: Buffet Alegria | C9: Kit festa | D9: Bruno | E9: 1 | F9: 300 | G9: =IF(E9="","",E9*F9) | H9: A prazo | I9: A receber
A10: 46302 | B10: Café Central | C10: Bolo de chocolate | D10: Ana | E10: 3 | F10: 75 | G10: =IF(E10="","",E10*F10) | H10: Pix | I10: Pago
A11: 46304 | B11: Escola Aprender | C11: Kit festa | D11: Ana | E11: 2 | F11: 300 | G11: =IF(E11="","",E11*F11) | H11: Boleto | I11: Pago
A12: 46305 | B12: Padaria Sol | C12: Torta de frango | D12: Bruno | E12: 3 | F12: 150 | G12: =IF(E12="","",E12*F12) | H12: Pix | I12: Pago
A13: 46308 | B13: Mercado Bom Preço | C13: Torta de frango | D13: Ana | E13: 2 | F13: 150 | G13: =IF(E13="","",E13*F13) | H13: Cartão | I13: A receber
A14: 46309 | B14: Buffet Alegria | C14: Bolo de chocolate | D14: Bruno | E14: 5 | F14: 75 | G14: =IF(E14="","",E14*F14) | H14: A prazo | I14: A receber
A15: 46310 | B15: Escola Aprender | C15: Torta de frango | D15: Bruno | E15: 1 | F15: 150 | G15: =IF(E15="","",E15*F15) | H15: Pix | I15: Pago
G16: =IF(E16="","",E16*F16)
G17: =IF(E17="","",E17*F17)
G18: =IF(E18="","",E18*F18)
G19: =IF(E19="","",E19*F19)
G20: =IF(E20="","",E20*F20)
G21: =IF(E21="","",E21*F21)
G22: =IF(E22="","",E22*F22)
G23: =IF(E23="","",E23*F23)
G24: =IF(E24="","",E24*F24)
G25: =IF(E25="","",E25*F25)
G26: =IF(E26="","",E26*F26)
G27: =IF(E27="","",E27*F27)
... G105: =IF(E105="","",E105*F105)

Sheet Resumo do mês
A1: Resumo do mês
A3: Mês | B3: Outubro/2026
A4: Total vendido | B4: =SUM(Vendas!$G$6:$G$105)
A5: Nº de vendas | B5: =COUNT(Vendas!$G$6:$G$105)
A6: Ticket médio | B6: =IF(B5=0,0,B4/B5)
A7: Meta de vendas do mês | B7: 5000
A8: Realizado da meta | B8: =IF(B7=0,0,B4/B7)
A9: Falta para a meta | B9: =MAX(0,B7-B4)

Sheet Por produto
A1: Vendas por produto
A3: Produto | B3: Preço | C3: Custo | D3: Quantidade | E3: Receita | F3: Custo total | G3: Lucro | H3: Margem
A4: Bolo de chocolate | B4: 75 | C4: 45 | D4: =SUMIF(Vendas!$C$6:$C$105,A4,Vendas!$E$6:$E$105) | E4: =SUMIF(Vendas!$C$6:$C$105,A4,Vendas!$G$6:$G$105) | F4: =D4*C4 | G4: =E4-F4 | H4: =IF(E4=0,0,G4/E4)
A5: Torta de frango | B5: 150 | C5: 90 | D5: =SUMIF(Vendas!$C$6:$C$105,A5,Vendas!$E$6:$E$105) | E5: =SUMIF(Vendas!$C$6:$C$105,A5,Vendas!$G$6:$G$105) | F5: =D5*C5 | G5: =E5-F5 | H5: =IF(E5=0,0,G5/E5)
A6: Kit festa | B6: 300 | C6: 210 | D6: =SUMIF(Vendas!$C$6:$C$105,A6,Vendas!$E$6:$E$105) | E6: =SUMIF(Vendas!$C$6:$C$105,A6,Vendas!$G$6:$G$105) | F6: =D6*C6 | G6: =E6-F6 | H6: =IF(E6=0,0,G6/E6)

Sheet Por cliente
A1: Vendas por cliente
A3: Cliente | B3: Comprado | C3: Pago | D3: A receber
A4: Mercado Bom Preço | B4: =SUMIF(Vendas!$B$6:$B$105,A4,Vendas!$G$6:$G$105) | C4: =SUMIFS(Vendas!$G$6:$G$105,Vendas!$B$6:$B$105,A4,Vendas!$I$6:$I$105,"Pago") | D4: =B4-C4
A5: Café Central | B5: =SUMIF(Vendas!$B$6:$B$105,A5,Vendas!$G$6:$G$105) | C5: =SUMIFS(Vendas!$G$6:$G$105,Vendas!$B$6:$B$105,A5,Vendas!$I$6:$I$105,"Pago") | D5: =B5-C5
A6: Padaria Sol | B6: =SUMIF(Vendas!$B$6:$B$105,A6,Vendas!$G$6:$G$105) | C6: =SUMIFS(Vendas!$G$6:$G$105,Vendas!$B$6:$B$105,A6,Vendas!$I$6:$I$105,"Pago") | D6: =B6-C6
A7: Buffet Alegria | B7: =SUMIF(Vendas!$B$6:$B$105,A7,Vendas!$G$6:$G$105) | C7: =SUMIFS(Vendas!$G$6:$G$105,Vendas!$B$6:$B$105,A7,Vendas!$I$6:$I$105,"Pago") | D7: =B7-C7
A8: Escola Aprender | B8: =SUMIF(Vendas!$B$6:$B$105,A8,Vendas!$G$6:$G$105) | C8: =SUMIFS(Vendas!$G$6:$G$105,Vendas!$B$6:$B$105,A8,Vendas!$I$6:$I$105,"Pago") | D8: =B8-C8

Sheet Por vendedor
A1: Vendas e comissão por vendedor
A3: Vendedor | B3: Comissão (%) | C3: Vendas | D3: Comissão
A4: Ana | B4: 0.05 | C4: =SUMIF(Vendas!$D$6:$D$105,A4,Vendas!$G$6:$G$105) | D4: =C4*B4
A5: Bruno | B5: 0.05 | C5: =SUMIF(Vendas!$D$6:$D$105,A5,Vendas!$G$6:$G$105) | D5: =C5*B5
